 Dungeon Crawl Stone Soup version 0.16-a0-3280-g3a29b53 (webtiles) character file.

136 Ololoev the Charlatan (level 4, 0/28 HPs)
             Began as a High Elf Artificer on Dec 24, 2014.
             Killed from afar by an orc wizard (6 damage)
             ... with a puff of flame
             ... on level 3 of the Dungeon.
             The game lasted 00:05:58 (2637 turns).

Ololoev the Charlatan (High Elf Artificer)          Turns: 2637, Time: 00:05:58

Health: 0/28       AC: 10    Str: 11    XL:     4   Next: 98%
Magic:  10/10      EV:  2    Int: 16    God:
Gold:   145        SH:  0    Dex: 15    Spells: 0 memorised, 3 levels left

rFire  . . .     SeeInvis .     h - +2 dagger (drain)
rCold  . . .     Clarity  .     t - +0 plate armour
rNeg   . . .     SustAb   .     (no shield)
rPois  .         Gourm    .     (no helmet)
rElec  .         Spirit   .     (no cloak)
rCorr  .         Warding  .     (no gloves)
rMut   .         Stasis   .     (no boots)
MR     +....                    (no amulet)
Stlth  ..........               (no ring)
                                n - ring of protection from magic

@: somewhat resistant to hostile enchantments, extremely unstealthy
A: no striking features
a: no special abilities


You were on level 3 of the Dungeon.
You were hungry.

You visited 1 branch of the dungeon, and saw 3 of its levels.

You collected 145 gold pieces.

Notes
Turn   | Place    | Note
--------------------------------------------------------------
     0 | D:1      | Ololoev, the High Elf Artificer, began the quest for the Orb.
     0 | D:1      | Reached XP level 1. HP: 13/13 MP: 2/2
   413 | D:1      | Reached XP level 2. HP: 11/18 MP: 4/4
   951 | D:1      | Reached XP level 3. HP: 8/23 MP: 6/6
  1764 | D:2      | Reached skill level 4 in Evocations
  1855 | D:2      | Noticed Jessica
  1860 | D:2      | Killed Jessica
  1860 | D:2      | Reached XP level 4. HP: 28/28 MP: 9/9
  2090 | D:2      | Noticed Ijyb
  2117 | D:2      | Killed Ijyb
  2471 | D:2      | Noticed Terence
  2523 | D:2      | Killed Terence
  2523 | D:2      | Reached skill level 1 in Armour
  2637 | D:3      | Killed from afar by an orc wizard

Inventory:

Hand weapons
 h - a +2 dagger of draining (weapon)
Armour
 t - a +0 plate armour (worn)
Jewellery
 n - a ring of protection from magic (left hand)
Magical devices
 b - a wand of flame (11)
 c - a wand of enslavement (15)
 d - a wand of random effects (15)
 p - a wand of teleportation (0)
Scrolls
 e - 2 scrolls of random uselessness {unknown}
 g - a scroll of fog {unknown}
 k - 2 scrolls of teleportation {unknown}
 l - 2 scrolls of magic mapping {unknown}
 r - a scroll of enchant armour {unknown}
 s - 2 scrolls of remove curse {unknown}
Potions
 j - a potion of curing {unknown}
 o - a potion of cure mutation {unknown}
 q - a potion of mutation {unknown}
 u - a potion of cancellation {unknown}
 v - a potion of brilliance {unknown}
Comestibles
 a - 3 fruits
 f - 3 bread rations
 i - 2 meat rations
 m - a beef jerky

Table legend:
 A = Turns spent in this place as a percentage of turns spent in the entire game.
 B = Non-inter-level travel turns spent in this place as a percentage of non-inter-level travel turns spent in the entire game.
 C = Inter-level travel turns spent in this place as a percentage of turns spent in this place.
 D = Turns resting spent in this place as a percentage of non-inter-level travel turns spent in this place.
 E = Turns spent auto-exploring this place as a percentage of non-inter-level travel turns spent in this place.
 F = Non-inter-level travel turns spent in this place divided by the number of levels of this place that you've seen.
                   A       B       C       D       E      F
               +-------+-------+-------+-------+-------+----------------------
         Total | 100.0 | 100.0 |   0.4 |   5.1 |   9.1 | 227.3
       Dungeon | 100.0 | 100.0 |   0.4 |   5.1 |   9.1 | 227.3
               +-------+-------+-------+-------+-------+----------------------


   Skills:
 - Level 1.0 Fighting
 + Level 3.7 Short Blades
 * Level 1.0 Armour
 - Level 2.1 Dodging
 - Level 1.1 Stealth
 * Level 4.7 Evocations


You had 3 spell levels left.
You didn't know any spells.

Dungeon Overview and Level Annotations

Branches:
Dungeon (3/15)

Altars:


Message History

You kill the orc!
The rat bites you but does no damage.
You hit the ooze but do no damage. The rat bites you but does no damage.
The ooze hits you but does no damage.
An orc wizard comes into view. It is wielding a dagger.
You hit the ooze.
The ooze is lightly wounded.
The rat bites you but does no damage.
You hit the ooze. You drain the ooze!
The ooze is heavily wounded.
The ooze hits you but does no damage.
You hit the ooze. You drain the ooze!
The ooze is almost dead.
The rat bites you but does no damage.
The orc wizard mumbles some strange words.
The orc wizard flickers and vanishes!
Deactivating autopickup; reactivate with Ctrl-A.
You hit the ooze.
You kill the ooze!
The rat bites you.
You hit the rat. You drain the rat!
You kill the rat!
You miss something. Something hits you but does no damage.
You miss something.
You hear some strange, mumbled words.
The puff of frost hits you!
Your plate armour prevents you from hitting something.
Something hits you but does no damage.
You miss something. You closely miss something.
You hear some strange, mumbled words.
The puff of frost hits you!
You completely miss something. Something hits you but does no damage.
Evoke which item? (* to show all) (? for menu, Esc to quit)
Zapping:
b - a wand of flame (12)
Press: ? - help, Shift-Dir - straight line This wand has 11 charges left.
You hear some strange, mumbled words.
The puff of flame hits you!
You die...

........+
.........#
#.........#
#.........#
#.........#
###.........#
............#
........)<...#
........@....#
###.######+###


There were no monsters in sight!

Table legend:
 A = Kills in this place as a percentage of kills in entire the game.
 B = Kills by you in this place as a percentage of kills by you in the entire game.
 C = Kills by friends in this place as a percentage of kills by friends in the entire game.
 D = Other kills in this place as a percentage of other kills in the entire game.
 E = Experience gained in this place as a percentage of experience gained in the entire game.
 F = Experience gained in this place divided by the number of levels of this place that you have seen.
                   A       B       C       D       E      F
               +-------+-------+-------+-------+-------+----------------------
         Total | 100.0 | 100.0 |  -nan |  -nan | 100.0 |  65.0
       Dungeon | 100.0 | 100.0 |  -nan |  -nan | 100.0 |  65.0
               +-------+-------+-------+-------+-------+----------------------

Vanquished Creatures
  Ijyb (D:2)
  Jessica (D:2)
  Terence (D:2)
  2 adders (D:2)
  A giant mite (D:1)
  A worm (D:2)
  An ooze (D:3)
  An orc (D:3)
  A ball python (D:2)
  11 goblins
  6 hobgoblins
  7 jackals (D:1)
  A quokka (D:2)
  5 bats
  3 giant cockroaches (D:1)
  5 giant newts
  9 kobolds
  3 rats
60 creatures vanquished.

Action                   |  1- 3 |  4- 6 || total
-------------------------+-------+-------++-------
Melee: Short sword       |   145 |       ||   145
       Dagger            |    11 |   104 ||   115
Evoke: Wand              |     3 |     1 ||     4
  Eat: Chunk             |     3 |     2 ||     5

Vault maps used:
D:1:      dpeg_arrival_tiny_d
D:2:      uniq_terence, uniq_iyjb, uniq_jessica
